 Dungeon Crawl Stone Soup version 0.23.2-33-g5129a83184 (webtiles) character file.

Game seed: 5009720752236552795

1013 Mesmaeker13 the Bolt Thrower (level 8, -9/46 HPs)
             Began as a Kobold Hunter on July 22, 2019.
             Killed by divine providence
             ... invoked by an orc priest
              (11 damage)
             ... on level 4 of the Dungeon.
             The game lasted 00:11:52 (5382 turns).

Mesmaeker13 the Bolt Thrower (Kobold Hunter)        Turns: 5382, Time: 00:11:52

Health: -9/46      AC:  4    Str: 12 (15) XL:     8   Next: 45%
Magic:  8/8        EV: 24    Int: 10 (13) God:
Gold:   274        SH:  0    Dex: 19 (21) Spells: 4/7 levels left

rFire    . . .     SeeInvis .   b - +0 short sword
rCold    + . .     Gourm    .   (shield restricted)
rNeg     . . .     Faith    .   h - +2 robe {rC+}
rPois    .         Spirit   .   (no helmet)
rElec    .         Reflect  .   (no cloak)
rCorr    .         Harm     .   (no gloves)
MR       .....                  (no boots)
Stlth    +++++.....             (no amulet)
HPRegen  0.15/turn              (no ring)
MPRegen  0.11/turn              (no ring)

@: mighty, agile, hasted, very quick
A: small, carnivore
a: no special abilities


You were on level 4 of the Dungeon.
You were completely stuffed.

You visited 1 branch of the dungeon, and saw 5 of its levels.

You collected 274 gold pieces.

Inventory:

Hand Weapons
 a - a +1 hand crossbow
 b - a +0 short sword (weapon)
Missiles
 d - 33 bolts
 v - 4 tomahawks (quivered)
Armour
 h - a +2 robe of cold resistance (worn)
Wands
 t - a wand of random effects (8)
Scrolls
 g - 2 scrolls of immolation
 i - a scroll of noise {unknown}
 j - a scroll of magic mapping
 k - a scroll of enchant weapon {unknown}
 m - 5 scrolls of teleportation
 n - 2 scrolls of amnesia
Potions
 e - 3 potions of lignification
 o - a potion of degeneration
 p - a potion of agility
 u - a potion of magic
Comestibles
 f - 4 rations


   Skills:
 - Level 3.0 Fighting
 + Level 5.8 Short Blades
 + Level 6.9 Crossbows
 + Level 5.9 Dodging
 + Level 6.7 Stealth


You had 4 spell levels left.
You knew the following spells:

 Your Spells              Type           Power        Failure   Level  Hunger
a - Confuse               Hex            #.......     75%         3    ####...

Your spell library contained the following spells:

 Spells                   Type           Power        Failure   Level  Hunger
 Confusing Touch          Hex            #.....       36%         1    ##.....
 Gell's Gravitas          Tloc           #.........   75%         3    ####...
 Petrify                  Tmut/Erth      #.......     98%         4    #####..
 Metabolic Englaciation   Hex/Ice        #.........   100%        5    ######.
 Yara's Violent Unravell  Hex/Tmut       #.........   100%        5    ######.


Dungeon Overview and Level Annotations

Branches:
Dungeon (5/15)
 Temple: D:4-7

Altars:

Shops:
D:4 =*


Innate Abilities, Weirdness & Mutations

You are small and have problems with some larger weapons.
You are carnivorous and can eat meat at any time.


Message History

Unknown command.
As you read the scroll of teleportation, it crumbles to dust.
You feel strangely unstable. The orc priest closely misses you.
The orc priest calls down the wrath of Beogh upon you.
Beogh smites you!
* * * LOW HITPOINT WARNING * * *
Unknown command.
Okay, then.
You puncture the orc priest!
The orc priest is heavily wounded.
Unknown command.
Your surroundings seem slightly different.
The orc priest hits you but does no damage.
Unknown command.
The orc priest looks encouraged for a moment.
The orc priest mumbles some strange prayers to Beogh against you.
You struggle to resist.
The orc priest calls down the wrath of Beogh upon you.
Beogh smites you!
You die...

#....#.......#.................
###)...#.......'.................
.##....#.......#.>...............
.......#.##'##.#.................
....)..#.#...#.#.................
.......#.#.∩.#.#oo...............
.......#.#...#.#.................
.##...#####+####...######+##..###
###'####....####@######...##..###
..........(...........#..........
......................#..........
.................((...#..........
#.....####..##..##...###....####.
##########..##..##...###########.
.........'............'.....#....
.....†...#............#.....#....
.........#............#.....#....


You could see 2 orc priests.

Vanquished Creatures
  A phantom (D:4)
  An ogre (D:4)
  3 big kobolds (D:4)
  A bullfrog (D:3)
  A scorpion (D:4)
  A howler monkey (D:3)
  2 hounds
  An orc priest (D:4)
  Natasha (thrice) (D:4)
  3 orc wizards
  A worker ant (D:4)
  6 gnolls
  5 adders
  2 oozes
  A dart slug (D:2)
  2 leopard geckos
  3 orcs
  3 ball pythons
  8 giant cockroaches
  A goblin (D:1)
  9 hobgoblins
  7 jackals
  A quokka (D:4)
  4 bats (D:3)
  2 frilled lizards
  42 kobolds
  A leopard gecko skeleton (D:4)
  4 rats
119 creatures vanquished.

Vanquished Creatures (others)
  4 toadstools (D:1)
4 creatures vanquished.

Grand Total: 123 creatures vanquished

Notes
Turn   | Place    | Note
-------+----------+-------------------------------------------
     0 | D:1      | Mesmaeker13 the Kobold Hunter began the quest for the Orb.
     0 | D:1      | Reached XP level 1. HP: 12/12 MP: 1/1
   364 | D:1      | Reached skill level 1 in Short Blades
   364 | D:1      | Reached XP level 2. HP: 18/18 MP: 2/2
  1159 | D:2      | Reached XP level 3. HP: 20/22 MP: 3/3
  1731 | D:2      | Reached XP level 4. HP: 27/27 MP: 4/4
  2185 | D:3      | Reached skill level 5 in Crossbows
  2185 | D:3      | Reached XP level 5. HP: 32/32 MP: 5/5
  2480 | D:3      | Noticed a bullfrog
  2798 | D:3      | Killed a bullfrog
  2798 | D:3      | Reached XP level 6. HP: 32/37 MP: 6/6
  3129 | D:4      | Noticed Natasha
  3134 | D:4      | Killed Natasha
  3145 | D:4      | Noticed Natasha
  3148 | D:4      | Killed Natasha
  3157 | D:4      | Noticed Natasha
  3161 | D:4      | Killed Natasha
  3161 | D:4      | Reached XP level 7. HP: 22/41 MP: 7/7
  3266 | D:4      | Reached skill level 5 in Stealth
  3771 | D:4      | Found Qeozid's Jewellery Boutique.
  3781 | D:4      | Reached skill level 5 in Dodging
  4210 | D:4      | Found Joloar's Serpentskin Sales.
  4328 | D:4      | Reached skill level 5 in Short Blades
  4344 | D:4      | Reached XP level 8. HP: 32/46 MP: 8/8
  5058 | D:4      | Learned a level 3 spell: Confuse
  5243 | D:5      | Entered Level 5 of the Dungeon
  5374 | D:4      | HP: 1/46 [orc priest/divine providence (9)]
  5382 | D:4      | Killed from afar by an orc priest

Skill      XL: |  1  2  3  4  5  6  7 |
---------------+----------------------+-----
Short Blades   | 1 2 3 4 5 |  5.8
Stealth        | 2 3 4 6 |  6.7
Dodging        | 3 4 5 |  5.9
Fighting       | 3 |  3.0
Crossbows      | 5 6 |  6.9

Action                   |  1- 3 |  4- 6 |  7- 9 || total
-------------------------+-------+-------+-------++-------
Melee: Short sword       |       |       |    54 ||    54
 Fire: Hand crossbow     |    63 |    80 |   125 ||   268
Evoke: Wand              |       |       |     7 ||     7
  Use: Scroll            |     4 |       |     3 ||     7
       Potion            |       |       |     7 ||     7
 Stab: Sleeping          |       |       |     2 ||     2
  Eat: Chunk             |    11 |     3 |     8 ||    22
Armor: Leather armour    |     3 |     1 |     1 ||     5
       Robe              |       |       |     7 ||     7
Dodge: Dodged            |    16 |    23 |   105 ||   144
